 Dungeon Crawl Stone Soup version 0.29-a0-1065-g47a6bb87d6 (webtiles) character file.

Game seed: 2037764829691052894

23 Newt the Cutter (level 2, -1/22 HPs)
             Began as a Demonspawn Gladiator on Aug 18, 2022.
             Succumbed to an adder's poison
             ... on level 2 of the Dungeon.
             The game lasted 00:02:31 (1037 turns).

Newt the Cutter (Demonspawn Gladiator)              Turns: 1037, Time: 00:02:31

Health: -1/22      AC:  4    Str: 14    XL:     2   Next: 75%
Magic:  2/2        EV: 12    Int:  9    God:
Gold:   11         SH:  0    Dex: 14    Spells: 1/1 levels left

rFire   . . .      SeeInvis .   a - +1 rapier
rCold   . . .      Faith    .   (no shield)
rNeg    . . .      Spirit   .   b - +0 leather armour
rPois   .          Reflect  .   c - +0 helmet
rElec   .          Harm     .   (no cloak)
rCorr   .          Rampage  .   (no gloves)
Will    .....                   (no boots)
Stlth   ++........              (no amulet)
HPRegen 0.07/turn               (no ring)
MPRegen 0.16/turn               (no ring)

@: lethally poisoned (-1 -> -7), attractive
A: magic regeneration
a: no special abilities


You were on level 2 of the Dungeon.
You visited 1 branch of the dungeon, and saw 2 of its levels.

You collected 11 gold pieces.

Inventory:

Hand Weapons
 a - a +1 rapier (weapon)
Missiles
 d - a throwing net
 e - a javelin
 g - 26 stones (quivered)
Armour
 b - a +0 leather armour (worn)
 c - a +0 helmet (worn)
Jewellery
 k - a ring of wizardry
Scrolls
 h - a scroll of teleportation
 i - a scroll of enchant weapon
Potions
 f - 2 potions of attraction
 j - a potion of resistance {unknown}
 l - a potion of ambrosia {unknown}


   Skills:
 - Level 2.0 Fighting
 + Level 3.0 Short Blades
 - Level 1.7 Throwing
 - Level 2.6 Dodging
 - Level 2.0 Stealth


You had one spell level left.
You didn't know any spells.
Your spell library was empty.

Dungeon Overview and Level Annotations

Branches:
Dungeon (2/15)

Altars:


Innate Abilities, Weirdness & Mutations

You regenerate magic rapidly.


Message History

You closely miss the adder.
You feel sick. The adder bites you.
You hit the adder.
The adder is heavily wounded.
You feel sick. The adder bites you.
You are more poisoned.
The adder poisons you!
You barely miss the adder. Your punch misses the adder.
The adder is heavily wounded.
You feel sick. The adder bites you but does no damage. The adder misses you.
It was a potion of attraction.
You feel attractive to monsters.
You feel sick. The adder bites you but does no damage.
Unknown command.
You closely miss the adder.
The adder is heavily wounded.
* * * LOW HITPOINT WARNING * * *
You feel sick. The adder bites you.
* * * LOW HITPOINT WARNING * * *
You are more poisoned.
The adder poisons you!
Throw: 26 stones
Press: ? - help, Q - select action, (/) - cycle Shift-Dir - straight line, f - adder
Aim: an adder (heavily wounded, 40% to hit)
Okay, then.
Throw: 3 throwing nets
Press: ? - help, Shift-Dir - straight line, f - adder
Aim: an adder (heavily wounded, 40% to hit)
You throw a throwing net.
The throwing net barely misses the adder.
* * * LOW HITPOINT WARNING * * *
You feel sick. The adder barely misses you.
Throw: 2 throwing nets
Press: ? - help, Shift-Dir - straight line, f/p - adder
Aim: an adder (heavily wounded, 40% to hit)
You throw a throwing net. The throwing net hits the adder.
The adder is caught in the net!
The adder is heavily wounded.
* * * LOW HITPOINT WARNING * * *
You feel sick.
The adder struggles against the net. x2
You die...

.#### .. ....##### ..#
#......#####.#
+......+.....##
#......##.....#
#...<...'.....+
#...#####.....####.# ##
##.#...............#...
#.#.#####..@#######.#
..#..........S.....(#
###############....###
#..........#
#.###....#...
#.###.###.... #.....#
..> #...g##..# ..
....##. ##.# .


You could see an adder (caught).

Vanquished Creatures
  2 dart slugs
  2 bats (D:1)
  4 endoplasms
  2 goblins (D:1)
  3 hobgoblins
  A ball python (D:1)
  A frilled lizard (D:1)
  A kobold (D:1)
  A rat (D:1)
17 creatures vanquished.

Notes
Turn   | Place    | Note
-------+----------+-------------------------------------------
     0 | D:1      | Newt the Demonspawn Gladiator began the quest for the Orb.
     0 | D:1      | Reached XP level 1. HP: 16/16 MP: 1/1
    32 | D:1      | Reached skill level 1 in Stealth
   304 | D:1      | Gained mutation: You regenerate magic rapidly. [demonic
                  | ancestry]
   304 | D:1      | Reached XP level 2. HP: 18/22 MP: 2/2
   949 | D:2      | Reached skill level 3 in Short Blades
  1036 | D:2      | HP: 1/22 [poisoned by an adder]
  1037 | D:2      | Succumbed to an adder's poison

Illustrated notes

Levels and vault maps discovered:
D:1:      wheals_arrival_shading, layout_basic, st_stairs_10
D:2:      layout_basic, grunt_decor_junction, dk_noncrumbling_4,
          minmay_pentomino_w4

Skill      XL: |  1  2 |
---------------+-------+-----
Stealth        | 1 2 |  2.0
Short Blades   | 3 |  3.0
Fighting       | |  2.0
Throwing       | |  1.7
Dodging        | |  2.6

Action                   || total
-------------------------++-------
Melee: Rapier            ||    63
       Punch             ||     1
Throw: Stone             ||     2
       Throwing net      ||     2
  Use: Scroll            ||     2
       Potion            ||     1
 Stab: Sleeping          ||     4
Armor: Leather armour    ||    19
Dodge: Dodged            ||    33

Table legend: (Time is in decaauts)
 A = Elapsed time spent in this place.
 B = Non-inter-level travel time spent in this place.
 C = Inter-level travel time spent in this place.
 D = Time resting spent in this place.
 E = Time spent auto-exploring this place.
 F = Levels seen in this place.
 G = Mean time per level.
                   A        B        C        D        E       F      G
               +--------+--------+--------+--------+--------+-----+--------+
         Total |   1041 |   1027 |     14 |    152 |    536 |   2 |  520.5 |
       Dungeon |   1041 |   1027 |     14 |    152 |    536 |   2 |  520.5 |
               +--------+--------+--------+--------+--------+-----+--------+

Top non-repeatable levels by time:
     D:1: 911 daAuts
     D:2: 129 daAuts
